 Dungeon Crawl Stone Soup version 0.30-a0-476-g330ca2eb8e (webtiles) character file.

Game seed: 1106324151580429485

33 tilp the Covered (level 3, 0/31 HPs)
             Began as a Meteoran Fighter on Dec 21, 2022.
             Slain by a goblin
             ... wielding a +0 dagger
              (3 damage)
             ... on level 4 of the Dungeon.
             The game lasted 00:01:28 (156 turns).

tilp the Covered (Meteoran Fighter)                  Turns: 156, Time: 00:01:28

Health: 0/31       AC:  7    Str: 17    XL:     3   Next: 70%
Magic:  4/4        EV:  9    Int: 10    God:
Gold:   24         SH:  5    Dex: 15    Spells: 2/2 levels left

rFire   . . .      SeeInvis .    a - +0 long sword
rCold   . . .      Faith    .    c - +0 buckler
rNeg    . . .      Spirit   .    b - +0 scale mail
rPois   .          Reflect  .    (no helmet)
rElec   .          Harm     .    (no cloak)
rCorr   .          Rampage  .    (no gloves)
Will    .....                    (no boots)
Stlth   ..........               (no amulet)
HPRegen 0.25/turn                (no ring)
MPRegen 0.09/turn                (no ring)

@: mighty, glowing
A: sense surroundings 1, otherworldly, glowing, explore regen
a: no special abilities


You were on level 4 of the Dungeon.
You visited 1 branch of the dungeon, and saw 5 of its levels.

You collected 24 gold pieces.

Inventory:

Hand Weapons
 a - a +0 long sword (weapon)
Armour
 b - a +0 scale mail (worn)
 c - a +0 buckler (worn)
Scrolls
 f - a scroll of identify {unknown}
Potions
 e - a potion of flight {unknown}


   Skills:
 + Level 3.5 Fighting
 + Level 2.8 Long Blades
 + Level 3.9 Armour
 * Level 1.7 Dodging
 + Level 0.6 Stealth
 + Level 3.8 Shields


You had 2 spell levels left.
You didn't know any spells.
Your spell library was empty.

Dungeon Overview and Level Annotations

Branches:
Dungeon (5/15) Zot: 2831
 Temple: D:4-7

Altars:

Annotations:
D:3 1 transporter


Innate Abilities, Weirdness & Mutations

You passively map a small area around you.
You are easily found by Zot.
You glow in the dark.
You regain HP and MP as you explore.


Message History

You now have 24 gold pieces (gained 9).
Found a transporter.
Found a scroll labelled QEBRIF UDWEBA.
The gnoll shouts!
You hear a shout!
There is a stone staircase leading down here.
You climb downwards.
Found a stone staircase leading down and two stone staircases leading up.
There is a stone staircase leading up here.
Unknown command.
There is a stone staircase leading down here.
You climb downwards.
There is a stone staircase leading up here.
Unknown command.
You climb upwards.
There is a stone staircase leading down here.
Unknown command.
An ogre comes into view. It is wielding a +0 giant club.
The ogre shouts!
There is a stone staircase leading up here.
A goblin comes into view. It is wielding a +0 dagger.
The goblin shouts!
The goblin unwields a +0 dagger.
The goblin wields a +0 sling.
The goblin shoots a sling bullet.
The sling bullet hits you but does no damage.
You feel very mighty all of a sudden.
Unknown command.
You slash the ogre!
The ogre is moderately wounded.
The ogre hits you with a +0 giant club!!
Ouch! That really hurt!
* * * LOW HITPOINT WARNING * * *
You barely miss the ogre.
The ogre is moderately wounded.
The ogre hits you with a +0 giant club!
* * * LOW HITPOINT WARNING * * *
You completely miss the ogre.
The ogre is moderately wounded.
The ogre barely misses you.
The goblin unwields a +0 sling.
The goblin wields a +0 dagger.
The goblin hits you with a +0 dagger.
You die...

,, #.........#
#.........# ,, ,
,#.........######...
,#..........<.....#
+ * *
#..................
,
#.....>........#...,
,#.....<........# .,
, , #.............<#
#.....@........# ,
#....gO........# *
,#..............# ,
#..............# *
#.........#+####* ,
...........#
...........# , , ,
...........# , , , ,
, ,


You could see an ogre and a goblin.

Vanquished Creatures
  3 adders
  A hobgoblin (D:1)
  3 kobolds
  A rat (D:3)
8 creatures vanquished.

Notes
Turn   | Place    | Note
-------+----------+-------------------------------------------
     0 | D:1      | tilp the Meteoran Fighter began the quest for the Orb.
     0 | D:1      | Reached XP level 1. HP: 19/19 MP: 2/2
    39 | D:2      | Reached skill level 1 in Dodging
    39 | D:2      | Reached XP level 2. HP: 26/26 MP: 3/3
    93 | D:3      | Reached XP level 3. HP: 27/31 MP: 4/4
   137 | D:3      | Found a transporter.
   147 | D:5      | Entered Level 5 of the Dungeon
   150 | D:4      | Noticed an ogre
   156 | D:4      | Slain by a goblin

Illustrated notes

Levels and vault maps discovered:
D:1:      lightli_arrival_statue_moat, layout_loops_ring
D:2:      layout_loops_ring, nrook_mini_vaults, feat_on_display, uniq_jessica
D:3:      layout_rooms, gammafunk_ghost_gnarly_gnolls, minmay_pentangle
D:4:      layout_gridville, xom_confusion_cloud
D:5:      layout_cave_pools, minivault_24

Skill      XL: |  1 |
---------------+----+-----
Dodging        | 1 |  1.7
Fighting       | |  3.5
Long Blades    | |  2.8
Armour         | |  3.9
Stealth        | |  0.6
Shields        | |  3.8

Action                   || total
-------------------------++-------
Melee: Long sword        ||    40
  Use: Potion            ||     1
Armor: Scale mail        ||    25
Dodge: Dodged            ||     9
Block: Buckler           ||     7

Table legend: (Time is in decaauts)
 A = Elapsed time spent in this place.
 B = Non-inter-level travel time spent in this place.
 C = Inter-level travel time spent in this place.
 D = Time resting spent in this place.
 E = Time spent auto-exploring this place.
 F = Levels seen in this place.
 G = Mean time per level.
                   A        B        C        D        E       F      G
               +--------+--------+--------+--------+--------+-----+--------+
         Total |    167 |    167 |      0 |      0 |      0 |   5 |   33.4 |
       Dungeon |    167 |    167 |      0 |      0 |      0 |   5 |   33.4 |
               +--------+--------+--------+--------+--------+-----+--------+

Top non-repeatable levels by time:
     D:3: 80 daAuts
     D:2: 36 daAuts
     D:1: 33 daAuts
     D:4: 14 daAuts
     D:5: 1 daAuts
